 Dungeon Crawl Stone Soup version 0.29-a0-813-g4a14ea37d6 (webtiles) character file.

Game seed: 17332896959435041827

5503 Orthodox the Destroyer (level 10, -9/63 HPs)
             Began as a Demonspawn Fire Elementalist on July 4, 2022.
             Was a Believer of Vehumet.
             Mangled by an orc warrior
             ... wielding a +0 scimitar
              (18 damage)
             ... on level 8 of the Dungeon.
             The game lasted 01:05:58 (13525 turns).

Orthodox the Destroyer (DsFE)                      Turns: 13525, Time: 01:05:59

Health: -9/63      AC:  8    Str:  9    XL:     10   Next: 42%
Magic:  0/20       EV: 15    Int: 21    God:    Vehumet [**....]
Gold:   386        SH:  4    Dex: 13    Spells: 12/22 levels left

rFire   . . .      SeeInvis .   k - +4 short sword
rCold   . . .      Faith    .   (no shield)
rNeg    . . .      Spirit   .   G - +2 robe
rPois   +          Reflect  .   s - +2 helmet
rElec   .          Harm     .   (no cloak)
rCorr   .          Rampage  .   F - +0 pair of gloves
Will    .....                   (no boots)
Stlth   ++........              (no amulet)
HPRegen 0.20/turn               e - ring of poison resistance
MPRegen 0.17/turn               M - ring of flight

@: flying
A: repulsion field 2, condensation shield, demonic touch 2
a: Renounce Religion


You were on level 8 of the Dungeon.
You worshipped Vehumet.
Vehumet was pleased with you.
You visited 1 branch of the dungeon, and saw 9 of its levels.
You also visited: Ossuary.

You collected 386 gold pieces.

Inventory:

Hand Weapons
 a - a +1 flail of protection
 k - a +4 short sword (weapon)
 u - the +10 war axe of Intimidation {vorpal, rF- rC+ Str+2}
   (You found it on level 4 of the Dungeon)

   It inflicts extra damage upon your enemies.
   Str:       It affects your strength (+2).
   rF:        It makes you vulnerable to fire.
   rC:        It protects you from cold.
 L - a +1 dagger of freezing
Armour
 s - a +2 helmet (worn)
 E - a +2 leather armour of willpower
 F - a +0 pair of gloves (worn)
 G - a +2 robe (worn)
Jewellery
 e - a ring of poison resistance (left hand)
 D - the ring "Xempouxt" {Fire Int-4 Dex+8}
   (You found it on level 5 of the Dungeon)

   [ring of fire]

   It enhances your fire magic.
   Int:       It affects your intelligence (-4).
   Dex:       It affects your dexterity (+8).
   rF:        It protects you from fire.
   rC:        It makes you vulnerable to cold.
 K - a ring of resist corrosion
 M - a ring of flight (right hand)
Wands
 y - a wand of quicksilver (9)
 z - a wand of flame (9)
 N - a wand of roots (7)
Scrolls
 f - a scroll of magic mapping {unknown}
 h - a scroll of torment
 m - 4 scrolls of teleportation
 o - 3 scrolls of fear
 p - 2 scrolls of blinking {unknown}
 r - 4 scrolls of poison
 t - 4 scrolls of enchant weapon
 v - 2 scrolls of fog {unknown}
 x - a scroll of immolation {unknown}
 A - a scroll of noise {unknown}
 I - a scroll of summoning {unknown}
 O - a scroll of enchant armour {unknown}
 P - a scroll of identify {@r1}
Potions
 b - 3 potions of magic
 c - a potion of attraction {unknown}
 d - 4 potions of flight {unknown}
 g - 2 potions of heal wounds {unknown}
 i - 2 potions of degeneration {unknown}
 j - 2 potions of brilliance {unknown}
 l - 4 potions of lignification {unknown}
 n - 9 potions of curing {@q1}
 q - 2 potions of might
 w - 2 potions of resistance {unknown}
 B - 2 potions of haste {unknown}
 C - a potion of mutation {unknown}
 H - a potion of invisibility {unknown}
 J - 2 potions of berserk rage {unknown}


   Skills:
 + Level 1.6 Armour
 - Level 2.0 Dodging
 - Level 2.0 Stealth
 + Level 6.6 Spellcasting
 * Level 9.7 Conjurations
 * Level 9.5 Fire Magic


You had 12 spell levels left.
You knew the following spells:

 Your Spells              Type           Power      Damage    Failure   Level
a - Foxfire               Conj/Fire      100%       2x1d9     1%          1
b - Scorch                Fire           92%        2d10      1%          2
c - Conjure Flame         Conj/Fire      47%        6-21      1%          3
d - Flame Wave            Conj/Fire      47%        2d10      1%          4

Your spell library contained the following spells:

 Spells                   Type           Power      Damage    Failure   Level
 Searing Ray              Conj           96%        2d7       1%          2
 Inner Flame              Hex/Fire       26%        N/A       3%          3
 Slow                     Hex            28%        N/A       9%          1
 Summon Ice Beast         Ice/Summ       7%         N/A       65%         4
 Summon Mana Viper        Hex/Summ       7%         N/A       94%         5
 Monstrous Menagerie      Summ           3%         N/A       100%        7


Dungeon Overview and Level Annotations

Branches:
Dungeon (9/15)             Temple (0/1) D:6         Ossuary (visited)
   Lair: D:8-11         Orc: D:9-12

Altars:
Ashenzari
Nemelex Xobeh
Ru
Sif Muna
Uskayaw
Vehumet
Xom
Yredelemnul

Shops:
D:2 (

Annotations:
D:6 Maggie


Innate Abilities, Weirdness & Mutations

You are surrounded by a moderate repulsion field. (EV +3)
A meltable shield of frost defends you. (SH +4)
Your touch may inflict irresistible damage on your foes.


Message History

The orc warrior attacks as you move away!
The orc warrior closely misses you.
The orc warrior attacks as you move away!
The orc warrior hits you with a +0 scimitar.
You take 3 damage, and have 39/63 hp.
There is a stone staircase leading down here.
Casting: Scorch (safe; 1% risk of failure)
Confirm with . or Enter, or press ? or * to list all spells.
You conjure some foxfire!
The orc warrior hits you with a +0 scimitar!
You take 10 damage, and have 31/63 hp.
You now have 5/20 mp.
Casting: Foxfire (safe; 1% risk of failure)
Confirm with . or Enter, or press ? or * to list all spells.
Flames lash the orc warrior.
The orc warrior resists.
The orc warrior is heavily wounded.
The orc warrior's fire resistance burns away.
The foxfire hits the orc warrior but does no damage.
The orc warrior is heavily wounded.
The foxfire hits the orc warrior but does no damage.
The orc warrior is heavily wounded.
The orc warrior completely misses you.
You now have 3/20 mp.
The orc warrior attacks as you move away!
You block the orc warrior's attack.
Casting: Scorch (safe; 1% risk of failure)
Confirm with . or Enter, or press ? or * to list all spells.
Flames lash the orc warrior.
The orc warrior is heavily wounded.
The orc warrior hits you with a +0 scimitar.
You take 6 damage, and have 25/63 hp.
You now have 2/20 mp.
The orc warrior attacks as you move away!
The orc warrior hits you with a +0 scimitar!
* * * LOW HITPOINT WARNING * * *
You take 16 damage, and have 9/63 hp.
MASSIVE DAMAGE!!
Casting: Scorch (safe; 1% risk of failure)
Confirm with . or Enter, or press ? or * to list all spells.
Flames lash the orc warrior.
The orc warrior is severely wounded.
The orc warrior hits you with a +0 scimitar!!
You die...

##...............)......#..[####.
...........#####....###...###....
..#.......#.# #####...##.##...###
.##.......### #...###..#.#..####.
..#........####.....##.###.##....
.#..........#.#......#..#..#.....
###...............)..##.#.##.##.#
....###......#........#.#.#...#..
...## ##....##..@.....#...#..##..
....###......##.o.....##.##.#....
......##...............#.#.##....
...................>...#.#.......
#...<.).........#......#.#.......
#...............####...#.#.......
.....[[..........#..............#
............###............##...#
............#.#.##...............


You could see an orc warrior (combustible).

Vanquished Creatures
  A hydra (D:9)
  A two-headed ogre (D:8)
  3 yaks (D:9)
  Eustachio (D:5)
  Edmund (D:4)
  Duvessa (D:6)
  2 orc warriors
  3 water moccasins
  3 ogres
  A sky beast (D:4)
  A phantom (D:5)
  2 necrophages
  A gnoll sergeant (D:7)
  A bullfrog (D:8)
  3 scorpions
  2 water moccasin zombies (Ossuary)
  11 wights
  Dowan (D:6)
  8 killer bees
  5 howler monkeys
  2 centaur zombies (Ossuary)
  A human zombie (Ossuary)
  4 jellies
  3 orc priests (D:7)
  4 hounds
  A gnoll bouda (D:6)
  3 iguanas
  4 orc wizards
  An ogre zombie (Ossuary)
  7 gnolls
  5 adders
  2 shadow imps
  An ufetubus (D:6)
  An adder zombie (Ossuary)
  4 worms
  6 dart slugs
  17 orcs
  5 bats
  5 endoplasms
  2 giant cockroaches
  4 goblins
  8 hobgoblins
  2 jackals
  3 quokkas
  8 ball pythons
  4 frilled lizards
  5 gnoll zombies (Ossuary)
  5 goblin zombies (Ossuary)
  4 hobgoblin zombies
  5 kobolds
  4 orc zombies (Ossuary)
  8 rats
190 creatures vanquished.

Vanquished Creatures (others)
  648 foxfires
648 creatures vanquished.

Grand Total: 838 creatures vanquished

Notes
Turn   | Place    | Note
-------+----------+-------------------------------------------
     0 | D:1      | Orthodox the Demonspawn Fire Elementalist began the quest
                  | for the Orb.
     0 | D:1      | Reached XP level 1. HP: 13/13 MP: 3/3
   189 | D:1      | Gained mutation: You are surrounded by a mild repulsion
                  | field. (EV +2) [demonic ancestry]
   189 | D:1      | Reached XP level 2. HP: 18/19 MP: 0/5
   192 | D:1      | Learned a level 2 spell: Scorch
   831 | D:1      | Gained mutation: You are surrounded by a moderate repulsion
                  | field. (EV +3) [demonic ancestry]
   831 | D:1      | Reached XP level 3. HP: 24/24 MP: 4/6
  1189 | D:2      | Found Dicopuma's Antique Weapon Boutique.
  1743 | D:2      | Learned a level 3 spell: Conjure Flame
  1873 | D:2      | Found a faded altar of an unknown god.
  1924 | D:2      | Gained mutation: Your touch may inflict minor irresistible
                  | damage on your foes. [demonic ancestry]
  1924 | D:2      | Reached XP level 4. HP: 30/30 MP: 4/7
  2656 | D:3      | Noticed an ogre
  2668 | D:3      | Killed an ogre
  2669 | D:3      | Reached XP level 5. HP: 35/35 MP: 2/9
  3218 | D:4      | Noticed an ogre
  3347 | D:4      | Noticed Edmund
  3460 | D:4      | Noticed a sky beast
  3484 | D:4      | Found a hide-covered altar of Uskayaw.
  3491 | D:4      | Identified the +10 war axe of Intimidation {vorpal, rF- rC+
                  | Str+2}
  3521 | D:4      | Killed Edmund
  3522 | D:4      | Reached XP level 6. HP: 41/41 MP: 1/10
  3687 | D:4      | Killed a sky beast
  3927 | D:4      | Reached skill level 5 in Fire Magic
  4080 | D:4      | Learned a level 4 spell: Flame Wave
  4164 | D:4      | Found a sparkling altar of Nemelex Xobeh.
  4337 | D:5      | Entered Level 5 of the Dungeon
  4374 | D:5      | Reached XP level 7. HP: 46/46 MP: 2/12
  4562 | D:5      | Found a sand-covered staircase.
  4608 | Ossuary  | Entered an ossuary
  4768 | Ossuary  | Reached skill level 5 in Conjurations
  6571 | Ossuary  | Gained mutation: Your touch may inflict irresistible damage
                  | on your foes. [demonic ancestry]
  6571 | Ossuary  | Reached XP level 8. HP: 52/52 MP: 6/14
  6628 | Ossuary  | Noticed a silent spectre
  6995 | D:5      | Found a radiant altar of Vehumet.
  6995 | D:5      | Found a sacrificial altar of Ru.
  7001 | D:5      | Became a worshipper of Vehumet
  7315 | D:5      | Identified the ring "Xempouxt" {Fire Int-4 Dex+8}
  7454 | D:5      | Noticed Eustachio
  7892 | D:5      | Killed Eustachio
  8315 | D:6      | Noticed Dowan
  8731 | D:6      | Noticed Maggie
  8772 | D:6      | Found a staircase to the Ecumenical Temple.
  8857 | D:6      | Noticed Duvessa
  8875 | D:6      | Reached skill level 5 in Spellcasting
  9303 | D:6      | Killed Dowan
  9305 | D:6      | Killed Duvessa
  9650 | D:7      | Gained mutation: A meltable shield of frost defends you.
                  | (SH +4) [demonic ancestry]
  9650 | D:7      | Reached XP level 9. HP: 57/57 MP: 11/16
  9757 | D:7      | Found a basalt altar of Yredelemnul.
  9770 | D:7      | Found a broken altar of Ashenzari.
 10037 | D:7      | Reached * piety under Vehumet
 10037 | D:7      | Offered knowledge of Freeze by Vehumet.
 10829 | D:8      | Noticed a two-headed ogre
 11062 | D:8      | Killed a two-headed ogre
 11410 | D:8      | Reached XP level 10. HP: 63/63 MP: 13/19
 12195 | D:8      | Found a shimmering altar of Xom.
 12349 | D:8      | Found a shimmering blue altar of Sif Muna.
 12797 | D:8      | Got Sif Muna's Incunabulum of Beguiling
 13053 | D:9      | Reached ** piety under Vehumet
 13053 | D:9      | Offered knowledge of Searing Ray by Vehumet.
 13054 | D:9      | Reached skill level 1 in Armour
 13186 | D:9      | Noticed an eight-headed hydra
 13348 | D:9      | Killed an eight-headed hydra
 13525 | D:8      | Mangled by an orc warrior

Illustrated notes

Levels and vault maps discovered:
D:1:      nzn_arrival_water_spiral, layout_rooms
D:2:      layout_basic, shapermc_ecumenical_altar_mp_vishouse, serial_shops,
          nicolae_shop_advertising_works [nicolae_subvault_shop_adworks]
D:3:      layout_basic, kennysheep_generic_room_13
D:4:      layout_rooms, mainiacjoe_overflow_cross_hatched, nemelex_altar_shiori,
          uniq_edmund
D:5:      wad_pebble_path, layout_basic, jmf_multi_god_temple, enter_ossuary_3,
          reono_crystal_passage, corexii_corridor_pit, uniq_eustachio
D:6:      layout_layer_cave, minmay_temple_entry_fiery, kennysheep_nondescript,
          nicolae_concentric_dashed_squares_wild, uniq_duvessa, uniq_maggie
D:7:      layout_cave_pools, chequers_temple_overflow_statue_of_worship,
          mainiacjoe_overflow_alcove_2, serial_glass, glass_columns_b,
          glass_columns_a, glass_columns_b, glass_columns_b, glass_columns_a,
          glass_columns_a, glass_columns_b, glass_columns_c
D:8:      minmay_general_purpose_star, layout_cave_pools, tgw_xom, led_sif_book
D:9:      layout_basic, fedhas_altar_3, lemuel_mausoleum_altar_kikubaaqudgha

Skill      XL: |  1  2  3  4  5  6  7  8  9 10 |
---------------+-------------------------------+-----
Stealth        | 2 |  2.0
Dodging        | 2 |  2.0
Fire Magic     | 3 4 5 6 7 8 9 |  9.5
Conjurations   | 2 3 4 5 7 9 |  9.7
Spellcasting   | 3 4 5 6 |  6.6
Armour         | 1 |  1.6

Action                   |  1- 3 |  4- 6 |  7- 9 | 10-12 || total
-------------------------+-------+-------+-------+-------++-------
Melee: Unarmed           |     1 |       |       |       ||     1
       Dagger            |     1 |       |       |       ||     1
       Short sword       |     4 |     4 |     6 |     2 ||    16
       Touch             |       |       |       |     1 ||     1
 Cast: Foxfire           |    67 |    51 |   215 |    55 ||   388
       Scorch            |     2 |    10 |    81 |    30 ||   123
       Conjure Flame     |       |     3 |     4 |     6 ||    13
  Use: Scroll            |       |       |     7 |       ||     7
 Stab: Sleeping          |     1 |     1 |       |       ||     2
Armor: Robe              |     2 |       |    16 |     2 ||    20
Dodge: Dodged            |    16 |    10 |    72 |    27 ||   125
Block: Other             |       |       |     2 |     8 ||    10

Table legend: (Time is in decaauts)
 A = Elapsed time spent in this place.
 B = Non-inter-level travel time spent in this place.
 C = Inter-level travel time spent in this place.
 D = Time resting spent in this place.
 E = Time spent auto-exploring this place.
 F = Levels seen in this place.
 G = Mean time per level.
                   A        B        C        D        E       F      G
               +--------+--------+--------+--------+--------+-----+--------+
         Total |  13545 |  12270 |   1275 |   3821 |   6275 |  10 | 1354.5 |
       Dungeon |  11486 |  10211 |   1275 |   2148 |   6222 |   9 | 1276.2 |
       Ossuary |   2059 |   2059 |      0 |   1673 |     53 |   1 | 2059.0 |
               +--------+--------+--------+--------+--------+-----+--------+

Top non-repeatable levels by time:
 Ossuary: 2059 daAuts
     D:8: 1991 daAuts
     D:5: 1734 daAuts
     D:6: 1684 daAuts
     D:3: 1465 daAuts
     D:7: 1166 daAuts
     D:1: 1106 daAuts
     D:2: 961 daAuts
     D:4: 895 daAuts
     D:9: 480 daAuts
